 Dungeon Crawl Stone Soup version 0.30-a0-422-g946f4849ff (webtiles) character file.

Game seed: 14422554251554869493

70 Pooter the Trooper (level 4, -4/37 HPs)
             Began as a Demonspawn Berserker on Dec 8, 2022.
             Was a Follower of Trog.
             Killed from afar by an orc wizard (6 damage)
             ... with a magic dart
             ... on level 3 of the Dungeon.
             The game lasted 00:06:37 (1933 turns).

Pooter the Trooper (Demonspawn Berserker)           Turns: 1933, Time: 00:06:38

Health: -4/37      AC:  2    Str: 18 (20) XL:     4   Next: 3%
Magic:  4/4        EV: 12    Int:  5 (8)  God:    Trog [*.....]
Gold:   65         SH:  0    Dex: 10 (12) Spells: 3/3 levels left

rFire   . . .      SeeInvis .    d - +1 short sword (freeze)
rCold   . . .      Faith    .    (no shield)
rNeg    . . .      Spirit   .    b - +0 animal skin
rPois   .          Reflect  .    (no helmet)
rElec   .          Harm     .    (no cloak)
rCorr   .          Rampage  .    (no gloves)
Will    .....                    (no boots)
Stlth   +.........               f - amulet of regeneration
HPRegen 1.06/turn                (no ring)
MPRegen 0.09/turn                (no ring)

@: confused, on berserk cooldown, slowed, very slow
A: hooves 2, condensation shield
a: Renounce Religion, Berserk


You were on level 3 of the Dungeon.
You worshipped Trog.
Trog was aware of your devotion.
You visited 1 branch of the dungeon, and saw 3 of its levels.

You collected 65 gold pieces.

Inventory:

Hand Weapons
 a - a +0 hand axe
 d - a +1 short sword of freezing (weapon)
   (You took it off a kobold on level 1 of the Dungeon)
Missiles
 j - 3 throwing nets {!f}
 Q - 34 stones (quivered)
Armour
 b - a +0 animal skin (worn)
Jewellery
 f - an amulet of regeneration (around neck)
   (You found it on level 1 of the Dungeon)
Scrolls
 c - a scroll of poison {!r}
 g - a scroll of teleportation {unknown}
 h - a scroll of fog {unknown}
 i - a scroll of brand weapon {unknown}
 l - a scroll of identify {unknown}
Potions
 e - 2 potions of might {unknown}
 k - a potion of degeneration {!q}


   Skills:
 + Level 3.7 Fighting
 * Level 2.3 Short Blades
 - Level 3.0 Axes
 - Level 1.7 Armour
 - Level 1.7 Dodging


You had 3 spell levels left.
You didn't know any spells.
Your spell library was empty.

Dungeon Overview and Level Annotations

Branches:
Dungeon (3/15)

Altars:

Annotations:
D:3 3 runed translucent doors


Innate Abilities, Weirdness & Mutations

You have hoof-like feet.
A meltable shield of frost defends you. (SH +0)


Message History

The puff of flame hits you!
* * * LOW HITPOINT WARNING * * *
A red film seems to cover your vision as you go berserk!
You feel yourself moving faster!
You feel mighty!
An adder comes into view.
The orc wizard casts a spell.
The orc wizard flickers and vanishes!
Deactivating autopickup; reactivate with Ctrl-A.
A rat, 2 orcs and a kobold come into view.
You feel a strong urge to attack something.
The orc shouts! x2; The kobold shouts!
The adder barely misses you.
You miss something. Your kick misses something. The adder closely misses you.
The adder misses you. The orc hits you with a +0 dagger.
* * * LOW HITPOINT WARNING * * *
You hear some strange, mumbled words.
You are confused.
You puncture the orc! You freeze the orc.
You kill the orc!
Trog accepts your kill. The adder closely misses you.
An orc priest comes into view. It is wielding a +3 dagger of venom.
You bump into the rock wall.
You feel a strong urge to attack something.
The adder barely misses you.
You completely miss the kobold. Your kick misses the kobold.
The adder bites you.
* * * LOW HITPOINT WARNING * * *
The kobold hits you but does no damage.
You barely miss the kobold. Your kick misses the kobold.
The adder closely misses you.
You are no longer berserk.
You are exhausted.
You feel yourself slow down. Something hits you.
* * * LOW HITPOINT WARNING * * *
The orc priest invokes the aid of Beogh against you.
Beogh smites you!
* * * LOW HITPOINT WARNING * * *
It was a potion of degeneration.
There was something very wrong with that liquid.
You feel weakened.
You feel dopey.
You feel clumsy. The rat barely misses you. Something hits you.
* * * LOW HITPOINT WARNING * * *
The orc barely misses you.
You hear some strange, mumbled words.
A magic dart appears from out of thin air!
The magic dart hits you.
You die...

#....# ..
#....#..
#....#.....
##..........
.....#.....
#....#.....
#..r.......
#@##......
#{oSoo###
##K)#...#####
#..###.....
#....#..#
####.#..#.##
#....##....# ##
#.###....#..#..
.......#.##
...##


You could see an orc priest, an adder, 2 orcs, a kobold and a rat.

Vanquished Creatures
  3 adders (D:2)
  A worm (D:2)
  3 dart slugs
  An orc (D:3)
  2 bats
  2 endoplasms
  3 giant cockroaches
  2 hobgoblins (D:1)
  3 jackals (D:2)
  3 quokkas (D:1)
  A ball python (D:1)
  A frilled lizard (D:1)
  A goblin (D:2)
  4 kobolds
  A rat (D:1)
31 creatures vanquished.

Notes
Turn   | Place    | Note
-------+----------+-------------------------------------------
     0 | D:1      | Pooter the Demonspawn Berserker began the quest for the
                  | Orb.
     0 | D:1      | Reached XP level 1. HP: 18/18 MP: 1/1
   370 | D:1      | Gained mutation: You have large cloven feet. [demonic
                  | ancestry]
   370 | D:1      | Reached XP level 2. HP: 24/24 MP: 2/2
   819 | D:2      | Reached skill level 1 in Short Blades
  1037 | D:2      | Gained mutation: You have hoof-like feet. [demonic
                  | ancestry]
  1037 | D:2      | Reached XP level 3. HP: 29/29 MP: 3/3
  1412 | D:2      | Gained mutation: A meltable shield of frost defends you.
                  | (SH +0) [demonic ancestry]
  1412 | D:2      | Reached XP level 4. HP: 37/37 MP: 4/4
  1896 | D:3      | Found a runed translucent gate.
  1896 | D:3      | Found a runed translucent gate.
  1896 | D:3      | Found a runed translucent gate.
  1933 | D:3      | Killed from afar by an orc wizard

Illustrated notes

Levels and vault maps discovered:
D:1:      evilmike_arrival_crescent, layout_rooms
D:2:      layout_basic
D:3:      layout_rooms, gammafunk_ghost_cemetery

Skill      XL: |  1  2  3 |
---------------+----------+-----
Axes           | 3 |  3.0
Short Blades   | 1 2 |  2.3
Fighting       | |  3.7
Armour         | |  1.7
Dodging        | |  1.7

Action                   |  1- 3 |  4- 6 || total
-------------------------+-------+-------++-------
Melee: Hand axe          |    15 |       ||    15
       Short sword       |    61 |     4 ||    65
       Punch             |     1 |       ||     1
       Kick              |    17 |       ||    17
Invok: Berserk           |     1 |     1 ||     2
  Use: Scroll            |       |     1 ||     1
       Potion            |       |     1 ||     1
 Stab: Sleeping          |     2 |       ||     2
Armor: Animal skin       |    11 |     1 ||    12
Dodge: Dodged            |    44 |     8 ||    52

Table legend: (Time is in decaauts)
 A = Elapsed time spent in this place.
 B = Non-inter-level travel time spent in this place.
 C = Inter-level travel time spent in this place.
 D = Time resting spent in this place.
 E = Time spent auto-exploring this place.
 F = Levels seen in this place.
 G = Mean time per level.
                   A        B        C        D        E       F      G
               +--------+--------+--------+--------+--------+-----+--------+
         Total |   1940 |   1912 |     28 |    363 |   1299 |   3 |  646.7 |
       Dungeon |   1940 |   1912 |     28 |    363 |   1299 |   3 |  646.7 |
               +--------+--------+--------+--------+--------+-----+--------+

Top non-repeatable levels by time:
     D:2: 929 daAuts
     D:1: 824 daAuts
     D:3: 185 daAuts
